 Dungeon Crawl Stone Soup version 0.23.2-33-g5129a83184 (webtiles) character file.

Game seed: 7115593576821995092

77 psyvane the Chiller (level 4, -1/30 HPs)
             Began as a Merfolk Ice Elementalist on July 4, 2019.
             Slain by Crazy Yiuf
             ... wielding a +2 quarterstaff of chaos
              (9 damage)
             ... on level 2 of the Dungeon.
             The game lasted 00:12:52 (2561 turns).

psyvane the Chiller (Merfolk Ice Elementalist)      Turns: 2561, Time: 00:12:53

Health: -1/30      AC:  8    Str:  8    XL:     4   Next: 34%
Magic:  0/8        EV: 13    Int: 14    God:
Gold:   134        SH:  0    Dex: 15    Spells: 3/9 levels left

rFire    . . .     SeeInvis .   (no weapon)
rCold    . . .     Gourm    .   (no shield)
rNeg     . . .     Faith    .   a - +0 robe
rPois    .         Spirit   .   (no helmet)
rElec    .         Reflect  .   (no cloak)
rCorr    .         Harm     .   (no gloves)
MR       .....                  j - +0 pair of boots
Stlth    ++........             (no amulet)
HPRegen  0.10/turn              (no ring)
MPRegen  0.11/turn              (no ring)

@: icy armour, very slightly contaminated
A: change form in water, swift swim, stealthy swim
a: no special abilities


You were on level 2 of the Dungeon.
You were not hungry.

You visited 1 branch of the dungeon, and saw 2 of its levels.

You collected 134 gold pieces.

Inventory:

Armour
 a - a +0 robe (worn)
 j - a +0 pair of boots (worn)
Jewellery
 h - a cursed -3 ring of protection
Scrolls
 f - 3 scrolls of remove curse {unknown}
 i - a scroll of random uselessness {unknown}
 k - a scroll of blinking {unknown}
 p - a scroll of teleportation
Potions
 d - 3 potions of lignification {unknown}
 e - a potion of heal wounds {unknown}
 g - a potion of flight {unknown}
 l - 2 potions of curing {unknown}
 n - a potion of agility {unknown}
 o - 3 potions of brilliance {unknown}
Comestibles
 b - a chunk of flesh
 c - 2 rations


   Skills:
 - Level 2.6 Dodging
 - Level 2.1 Stealth
 * Level 3.2 Spellcasting
 * Level 1.2 Conjurations
 - Level 4.3 Ice Magic


You had 3 spell levels left.
You knew the following spells:

 Your Spells              Type           Power        Failure   Level  Hunger
a - Freeze                Ice            ##..         3%          1    #......
b - Throw Frost           Conj/Ice       ##....       11%         2    ##.....
c - Ozocubu's Armour      Chrm/Ice       #.......     26%         3    ###....

Your spell library contained the following spells:

 Spells                   Type           Power        Failure   Level  Hunger
 Throw Icicle             Conj/Ice       ##......     56%         4    #####..
 Summon Ice Beast         Ice/Summ       #.......     65%         4    #####..


Dungeon Overview and Level Annotations

Branches:
Dungeon (2/15)

Altars:
Gozag
Hepliaklqana
Trog

Annotations:
D:2 Crazy Yiuf


Message History

Crazy Yiuf is moderately wounded.
Crazy Yiuf misses you.
Casting: Freeze (safe; 3% risk of failure)
Confirm with . or Enter, or press ? or * to list all spells.
Aiming: Freeze (safe; 3% risk of failure)
Press: ? - help, Shift-Dir - straight line, f/p - Crazy Yiuf
Aim: Crazy Yiuf, wielding a +2 quarterstaff of chaos and wearing a +2 cloak of poison resistance (moderately wounded)
You miscast Freeze.
You are very lightly contaminated with residual magic.
Nothing appears to happen.
Crazy Yiuf hits you with a +2 quarterstaff of chaos.
You are electrocuted!
Ouch! That really hurt!
* * * LOW HITPOINT WARNING * * *
Your icy armour cracks and falls away as you move.
Casting: Freeze (safe; 3% risk of failure)
Confirm with . or Enter, or press ? or * to list all spells.
A film of ice covers your body!
Crazy Yiuf hits you with a +2 quarterstaff of chaos!
You die...

#......#
#...........'.<..
####.###
#################
#.## # #..# #
##.##### ### #
#...+.## ###..)#
#
#....P.####.'...#
#
##...P.g#..##...#
# ##.+.@#.### ###
# ########


You could see Crazy Yiuf.

Vanquished Creatures
  3 adders (D:2)
  A worm (D:2)
  3 dart slugs
  2 leopard geckos (D:1)
  3 ball pythons
  4 bats
  6 giant cockroaches
  4 goblins
  3 hobgoblins (D:1)
  3 frilled lizards
  6 kobolds
  4 rats
42 creatures vanquished.

Notes
Turn   | Place    | Note
-------+----------+-------------------------------------------
     0 | D:1      | psyvane the Merfolk Ice Elementalist began the quest for
                  | the Orb.
     0 | D:1      | Reached XP level 1. HP: 13/13 MP: 3/3
   161 | D:1      | Reached XP level 2. HP: 18/19 MP: 0/5
   224 | D:1      | Learned a level 2 spell: Throw Frost
   559 | D:1      | You fall through a shaft!
   565 | D:2      | Found an opulent altar of Gozag.
   571 | D:2      | Reached skill level 4 in Ice Magic
   571 | D:2      | Reached XP level 3. HP: 24/24 MP: 0/7
   641 | D:2      | Learned a level 3 spell: Ozocubu's Armour
  1555 | D:2      | Reached skill level 1 in Conjurations
  1555 | D:2      | Reached XP level 4. HP: 30/30 MP: 5/8
  1801 | D:2      | Found a hazy altar of Hepliaklqana.
  1801 | D:2      | Found a bloodstained altar of Trog.
  1918 | D:2      | Found a runed translucent door.
  1919 | D:2      | Noticed Crazy Yiuf
  2345 | D:2      | Found a faded altar of an unknown god.
  2561 | D:2      | Slain by Crazy Yiuf

Skill      XL: |  1  2  3 |
---------------+----------+-----
Ice Magic      | 4 |  4.3
Spellcasting   | 3 |  3.2
Conjurations   | 1 |  1.2
Dodging        | |  2.6
Stealth        | |  2.1

Action                   |  1- 3 |  4- 6 || total
-------------------------+-------+-------++-------
Melee: Unarmed           |    48 |     5 ||    53
 Cast: Freeze            |    40 |    25 ||    65
       Throw Frost       |       |     5 ||     5
       Ozocubu's Armour  |       |     2 ||     2
  Use: Scroll            |     4 |       ||     4
       Potion            |       |     1 ||     1
  Eat: Chunk             |     3 |     3 ||     6
Armor: Robe              |    21 |     6 ||    27
Dodge: Dodged            |    59 |    10 ||    69
